Carro armato spam defeated by chaffee spam (Tank battles)

Match 24126119
End
Selects Italian Combined Arms Battlegroup
Selects Bersaglieri Squad
Bersaglieri Squad
Kradschützen Motorcycle Team
Bersaglieri Squad
Bersaglieri Squad
Construct Light Support Kompanie
Kradschützen Motorcycle Team
Construct Mechanized Kompanie
8 Rad Armored Car
2.5-tonne Medical Truck
Selects Semovente da 75/18 Assault Gun
Panzerjäger Mechanized Group
Selects Carro Armato M13/40 Light Tank
Carro Armato M13/40 Light Tank
Selects Pact of Steel
Carro Armato M13/40 Light Tank
Carro Armato M13/40 Light Tank
Carro Armato M13/40 Light Tank
Carro Armato M13/40 Light Tank
Vehicle Survival Package
Carro Armato M13/40 Light Tank
Carro Armato M13/40 Light Tank
Carro Armato M13/40 Light Tank
Assault Mechanized Group
Carro Armato M13/40 Light Tank
AI Takeover
한대남가리뚝스딱스
Reakly
0
0

Comments sign in to comment!

No comments posted yet!